Map: New Repugnancy LE

Players

Neeb - Winner!

  • Race: Protoss Protoss
  • Spawn Location: 1:00

Bly

  • Race: Zerg Zerg
  • Spawn Location: 7:00

Event: 2019 WCS Spring

VOD

Have the link to the VOD?

Description

Time

  • Played on: May 17, 2019, 2:03 p.m.
  • Length: 20:59

All games in this series

Show
View Real Time Build Order
Export as new Build Order

Neeb Protoss - Winner!

Build Orders: 1 Gate Expand 

Get SALT Encoding   

  12  0:00  Probe  
  13  0:12  Probe  
  14  0:17  Pylon  
  14  0:24  Probe  
  15  0:32  Probe  
  15  0:37  Gateway  
  15  0:40  Probe  
  16  0:48  Assimilator  
  17  0:51  Probe  
  18  1:03  Probe  
  19  1:17  Probe  
  20  1:25  Nexus  
  20  1:34  Cybernetics Core  
  20  1:39  Probe  
  21  1:43  Pylon  
  21  1:51  Zealot  
  23  2:07  Gateway  
  23  2:08  Stalker  
  23  2:15  Shield Battery  
  25  2:30  Stalker  
  25  2:33  Pylon  
  27  2:56  Stalker  
  27  3:01  Stalker  
  27  3:03  Shield Battery  
  27  3:04  Shield Battery  
  29  3:11  Shield Battery  
  29  3:12  Shield Battery  
  29  3:20  Shield Battery  
  29  3:26  Stalker  
  31  3:34  Stalker  
  31  3:39  Shield Battery  
  31  3:41  Shield Battery  
  29  4:04  Stalker, Gateway  
  29  4:05  Pylon  
  31  4:19  Gateway  
  31  4:26  Stalker  
  33  4:41  Shield Battery x2  
  33  4:51  Stalker  
  35  4:52  Shield Battery  
  35  5:11  Stalker  
  33  5:22  Stalker  
  33  5:23  Probe  
  33  5:24  Probe  
  33  5:26  Gateway  
  35  5:48  Zealot  
  37  5:50  Cybernetics Core  
  35  6:07  Probe  
  34  6:14  Zealot  
  34  6:17  Zealot  
  29  6:21  Stalker  
  28  6:31  Probe  
  31  6:37  Probe  
  32  6:43  Probe  
  32  6:45  Sentry  
  35  6:49  Probe  
  35  6:54  Sentry  
  35  6:58  Zealot  
  35  7:26  Zealot, Probe x2  
  35  7:28  Sentry  
  35  7:29  Zealot  
  43  7:34  Probe x2  
  45  7:45  Probe  
  46  7:53  Stalker  
  46  8:05  Stalker  
  44  8:08  Zealot  
  44  8:12  Warp Gate  
  34  8:29  Zealot  
  34  8:30  Zealot  
  34  8:37  Zealot  
  34  8:52  Zealot x2  
  38  9:07  Stalker  
  38  9:13  Probe  
  39  9:22  Gateway  
  38  9:43  Assimilator  
  38  9:52  Robotics Facility  
  38  9:58  Pylon  
  38  9:59  Pylon  
  38  10:20  Pylon x2  
  38  10:37  Immortal  
  38  10:39  Sentry  
  44  10:54  Sentry  
  46  11:05  Zealot  
  46  11:07  Sentry  
  50  11:18  Zealot  
  36  11:44  Zealot, Sentry x2  
  36  11:50  Warp Prism  
  38  12:10  Sentry  
  40  12:19  Stalker  
  42  12:40  Zealot, Sentry  
  46  12:46  Stalker  
  36  14:25  Zealot x2  
  40  14:44  Cybernetics Core  
  40  15:01  Probe  
  41  15:10  Probe  
  42  15:21  Twilight Council  
  42  15:58  Dark Shrine  
  42  17:10  Dark Templar x2  
  46  17:34  Dark Templar  
  48  18:10  Dark Templar  
  50  18:17  Archon  
  50  18:18  Archon  
  50  18:36  Dark Templar  
  52  19:54  Sentry  
Show
View Real Time Build Order
Export as new Build Order

Bly Zerg 

Build Orders: Hatch First 

Get SALT Encoding   

  12  0:01  Drone  
  13  0:10  Drone  
  14  0:19  Overlord  
  14  0:35  Extractor, Drone  
  13  0:40  Drone x2  
  17  0:58  Hatchery  
  16  1:10  Drone x2  
  18  1:12  Extractor  
  17  1:24  Extractor  
  16  1:32  Spawning Pool  
  15  1:34  Drone x3  
  18  2:01  Drone x2  
  20  2:20  Queen, Zergling x2  
  23  2:23  Zergling x2  
  23  2:26  Zergling x4  
  23  2:29  Spine Crawler  
  25  2:35  Zergling x2, Spine Crawler  
  26  2:44  Spine Crawler  
  26  2:47  Spine Crawler  
  26  2:48  Zergling x2  
  25  2:54  Zergling x2  
  25  2:56  Overlord  
  24  3:00  Metabolic Boost  
  24  3:05  Zergling x2  
  25  3:10  Zergling x2  
  26  3:19  Zergling x2  
  27  3:20  Zergling x6  
  29  3:35  Zergling x2  
  29  3:36  Zergling x2  
  29  3:39  Drone  
  31  3:44  Queen, Zergling x2  
  32  3:54  Zergling x4  
  32  3:55  Spine Crawler  
  32  3:59  Zergling x2  
  33  4:13  Zergling x2  
  33  4:14  Overlord, Zergling x2  
  31  4:40  Zergling x10  
  33  4:49  Zergling x2  
  31  4:53  Zergling x8  
  34  5:01  Zergling x2  
  34  5:06  Zergling x2  
  36  5:09  Drone  
  31  5:21  Zergling x4  
  31  5:24  Queen  
  30  5:28  Zergling x2  
  30  5:35  Zergling x2  
  32  5:42  Zergling x4  
  33  5:46  Queen  
  35  5:52  Zergling x4  
  35  5:57  Spine Crawler  
  34  6:03  Zergling x4  
  35  6:10  Zergling x2  
  33  6:17  Zergling x2  
  29  6:18  Queen  
  29  6:23  Zergling x4  
  30  6:35  Zergling x4  
  30  6:38  Zergling x6  
  35  6:45  Zergling x4  
  36  6:54  Queen  
  36  6:56  Zergling x4  
  40  7:07  Spine Crawler  
  36  7:08  Spine Crawler  
  34  7:22  Spine Crawler  
  32  7:26  Zergling x6  
  35  7:30  Zergling x2  
  35  7:38  Zergling x6  
  36  7:47  Zergling x4  
  36  8:04  Zergling x10  
  36  8:08  Zergling x2  
  32  8:13  Zergling x2  
  31  8:20  Zergling x4  
  33  8:31  Zergling x6  
  33  8:35  Drone  
  33  8:45  Zergling x4  
  33  8:50  Zergling x2  
  32  8:56  Spine Crawler  
  30  9:07  Zergling x4  
  30  9:09  Zergling x2  
  31  9:15  Zergling x2  
  32  9:21  Zergling x2  
  33  9:27  Zergling x2  
  33  9:38  Zergling x6  
  35  10:15  Hatchery  
  34  10:27  Drone  
  35  10:44  Spine Crawler  
  34  10:59  Drone  
  34  11:00  Drone x2  
  37  11:05  Drone x2  
  37  11:07  Spine Crawler  
  32  11:34  Zergling x10  
  30  11:43  Zergling x4  
  30  11:44  Zergling x2  
  33  11:59  Spine Crawler  
  32  12:04  Spine Crawler  
  31  12:11  Zergling x8  
  35  12:17  Zergling x2  
  36  12:27  Zergling x6  
  36  12:29  Drone  
  39  13:00  Zergling x18  
  43  13:55  Overlord x2  
  30  14:11  Overlord  
  30  14:33  Queen  
  31  14:49  Drone x2  
  32  15:17  Drone  
  32  15:18  Drone x2  
  32  16:49  Hatchery  
  31  17:12  Drone  
  32  17:25  Spore Crawler  
  31  17:30  Spore Crawler  
  31  17:32  Spore Crawler  
  29  17:39  Spore Crawler  
  29  17:44  Spore Crawler  
Tags
 
Add a new tag
Caveats
  • Supply blocks, unpowered buildings, or Contaminate may cause inaccurate times.
  • Supply counts are checked every 10 seconds.